 Dungeon Crawl Stone Soup version 0.30-a0-141-g30f27751c5 (webtiles) character file.

Game seed: 7055774165074071119

5113 qw the Cleaver (level 10, -5/64 HPs)
             Began as a Gargoyle Fighter on Sept 25, 2022.
             Slain by a two-headed ogre
             ... wielding a +0 giant club
              (11 damage)
             ... on level 7 of the Dungeon.
             The game lasted 00:03:15 (7984 turns).

qw the Cleaver (Gargoyle Fighter)                   Turns: 7984, Time: 00:03:16

Health: -5/64      AC: 31    Str: 24    XL:     10   Next: 58%
Magic:  10/10      EV:  7    Int:  9    God:
Gold:   564        SH:  4    Dex:  9    Spells: 9/9 levels left

rFire   . . .      SeeInvis +    Y - +0 war axe (protect)
rCold   . . .      Faith    .    c - +0 buckler
rNeg    + . .      Spirit   .    p - +0 plate armour
rPois   inf        Reflect  .    k - +1 helmet
rElec   +          Harm     .    j - +0 cloak
rCorr   .          Rampage  .    (no gloves)
Will    .....                    (no boots)
Stlth   ..........               (no amulet)
HPRegen 0.20/turn                f - ring of see invisible
MPRegen 0.12/turn                (no ring)

@: under a protective aura
A: sickness immunity, AC +7, negative energy resistance 1, electricity
resistance, torment resistance 1, petrification resistance
a: no special abilities


You were on level 7 of the Dungeon.
You visited 2 branches of the dungeon, and saw 8 of its levels.

You collected 580 gold pieces.
You spent 16 gold pieces at shops.


Innate Abilities, Weirdness & Mutations

You are immune to sickness and miasma.
Your stone body is resilient. (AC +7)
You are immune to poison.
You resist negative energy. (rN+)
You are resistant to electric shocks. (rElec)
You are resistant to unholy torment.
You are immune to petrification.


   Skills:
 - Level 8.0 Fighting
 + Level 10.5 Axes
 - Level 7.4 Armour
 - Level 2.9 Dodging
 - Level 5.1 Shields


You had 9 spell levels left.
You didn't know any spells.
Your spell library was empty.

Inventory:

Hand Weapons
 h - a +0 vorpal flail
 Y - a +0 war axe of protection (weapon)
Armour
 c - a +0 buckler (worn)
 j - a +0 cloak (worn)
 k - a +1 helmet (worn)
 p - a +0 plate armour (worn)
Jewellery
 f - a ring of see invisible (left hand)
 l - a ring of fire
 n - a ring of resist corrosion
 q - a ring of fire
 r - an amulet of faith
Scrolls
 a - 4 scrolls of identify
 i - a scroll of enchant weapon {unknown}
Potions
 b - 2 potions of lignification
 d - a potion of might
 e - 2 potions of attraction
 g - 4 potions of curing
 m - a potion of haste
 o - a potion of resistance
 t - 2 potions of cancellation {unknown}

Dungeon Overview and Level Annotations

Branches:
Dungeon (7/15)             Temple (1/1) D:7

Altars:
Cheibriados
Elyvilon
Fedhas
Gozag
Hepliaklqana
Kikubaaqudgha
Makhleb
Nemelex Xobeh
Qazlal
Ru
Sif Muna
Trog
Uskayaw
Vehumet
Wu Jian
Xom
Yredelemnul
Zin
The Shining One

Shops:
D:1 (   D:4 :


Message History

The two-headed ogre hits you but does no damage.
You hit the two-headed ogre but do no damage.
The two-headed ogre is severely wounded.
The two-headed ogre closely misses you.
The two-headed ogre hits you but does no damage.
You hit the two-headed ogre but do no damage.
The two-headed ogre is severely wounded.
You hit the two-headed ogre.
The two-headed ogre is severely wounded.
The two-headed ogre hits you with a +0 dire flail!
The two-headed ogre completely misses you.
You barely miss the two-headed ogre.
The two-headed ogre is severely wounded.
You block the two-headed ogre's attack.
The two-headed ogre hits you but does no damage.
You barely miss the two-headed ogre.
The two-headed ogre is severely wounded.
You hit the two-headed ogre but do no damage.
The two-headed ogre is severely wounded.
The two-headed ogre hits you but does no damage.
The two-headed ogre barely misses you.
You closely miss the two-headed ogre.
The two-headed ogre is severely wounded.
The two-headed ogre hits you with a +0 dire flail!
The two-headed ogre hits you but does no damage.
You slash the two-headed ogre!
The two-headed ogre is almost dead.
The two-headed ogre hits you with a +0 dire flail.
The two-headed ogre hits you with a +0 giant spiked club.
You slash the two-headed ogre!
You kill the two-headed ogre!
You hit the two-headed ogre.
The two-headed ogre is lightly wounded.
The two-headed ogre hits you but does no damage.
You block the two-headed ogre's attack.
You hit the two-headed ogre.
The two-headed ogre is lightly wounded.
The two-headed ogre hits you with a +0 giant club.
The two-headed ogre hits you with a +0 giant spiked club!
You die...

.........))..#.........#
.....##..)...#......#..#
.....##.##...#....######
..#)######....#####
......#......####
.........###....###
...###............##
...# ##........#.#.#
.######.......##@###
.......)).#....#O#
........).....##i#
........)....##...
#..........### ...
#.........## .#.#.
...#.......# .....
..##.........###.###
...###.......#


You could see a two-headed ogre and a spriggan.

Vanquished Creatures
  A two-headed ogre (D:7)
  Prince Ribbit (D:7)
  A hornet (D:7)
  Sigmund (D:3)
  5 yaks
  A water moccasin (D:7)
  A sky beast (D:7)
  4 black bears
  3 ogres
  3 centaurs
  A phantom (D:7)
  A kobold brigand (D:7)
  3 necrophages
  A bullfrog (D:7)
  A gnoll sergeant (D:7)
  17 killer bees
  4 howler monkeys
  9 hounds
  2 jellies
  Terence (D:2)
  An iguana (D:6)
  Natasha (D:4)
  5 orc wizards
  Robin (D:2)
  3 gnolls (D:2)
  9 adders
  2 shadow imps
  3 white imps
  2 ufetubi (D:4)
  3 worms
  2 dart slugs
  28 orcs
  9 endoplasms
  15 goblins
  10 hobgoblins
  3 jackals (D:4)
  16 kobolds
  2 quokkas
  9 ball pythons
  4 bats
  4 frilled lizards
  7 rats
  A spectral hobgoblin (D:6)
201 creatures vanquished.

Notes
Turn   | Place    | Note
-------+----------+-------------------------------------------
     0 | D:1      | qw the Gargoyle Fighter began the quest for the Orb.
     0 | D:1      | Reached XP level 1. HP: 14/14 MP: 1/1
     0 | D:1      | 0 ||| qw: Version: 0.2-a-10-g399e6c4
     0 | D:1      | 0 ||| qw: Game counter: 330
     0 | D:1      | 0 ||| qw: Always use a shield: true
     0 | D:1      | 0 ||| qw: God list: Okawaru
     0 | D:1      | 0 ||| qw: Allow faded altars: false
     0 | D:1      | 0 ||| qw: Do Orc after D:15 true
     0 | D:1      | 0 ||| qw: Do second Lair branch before Depths: true
     0 | D:1      | 0 ||| qw: Lair rune preference: random
     0 | D:1      | 0 ||| qw: Plans: Normal, Zot:1-4, God:TSO, Crypt, Tomb,
                  | Pan, Slime:5, Hells, Abyss, Orb
     0 | D:1      | 0 ||| PLANNING D:1-11
    91 | D:1      | 91 ||| DRINKING 2 ruby potions.
    92 | D:1      | 92 ||| Stepping randomly (stuck).
    94 | D:1      | Reached skill level 2 in Axes
   102 | D:1      | Found a faded altar of an unknown god.
   116 | D:1      | 116 ||| Stepping ~*~*~tactically~*~*~ (stealth).
   119 | D:1      | 119 ||| Stepping ~*~*~tactically~*~*~ (stealth).
   120 | D:1      | 120 ||| Stepping ~*~*~tactically~*~*~ (stealth).
   121 | D:1      | 121 ||| Stepping ~*~*~tactically~*~*~ (stealth).
   123 | D:1      | 123 ||| Stepping ~*~*~tactically~*~*~ (stealth).
   158 | D:1      | 158 ||| READING scroll labelled MUPNAXAES.
   210 | D:1      | Reached XP level 2. HP: 17/19 MP: 2/2
   364 | D:1      | 364 ||| READING scroll labelled SOAROX XEQA.
   462 | D:1      | Found Yllef's Antique Weapon Shoppe.
   468 | D:1      | 468 ||| BUYING club (16 gold).
   468 | D:1      | Bought a club for 16 gold pieces
   468 | D:1      | 468 ||| SHOPLISTING mace (48 gold, have 20).
   468 | D:1      | 468 ||| SHOPLISTING whip (40 gold, have 20).
   721 | D:1      | 721 ||| Stepping ~*~*~tactically~*~*~ (hiding).
   915 | D:1      | 915 ||| UPGRADING to ring of see invisible.
   916 | D:1      | 916 ||| DRINKING 2 smoky yellow potions.
   917 | D:1      | 917 ||| DROPPING potion of brilliance.
  1012 | D:2      | Reached skill level 3 in Axes
  1068 | D:2      | Reached XP level 3. HP: 23/23 MP: 3/3
  1106 | D:2      | 1106 ||| Stepping ~*~*~tactically~*~*~ (stealth).
  1107 | D:2      | 1107 ||| Stepping ~*~*~tactically~*~*~ (stealth).
  1108 | D:2      | 1108 ||| Stepping ~*~*~tactically~*~*~ (stealth).
  1110 | D:2      | 1110 ||| Stepping ~*~*~tactically~*~*~ (stealth).
  1111 | D:2      | 1111 ||| Stepping ~*~*~tactically~*~*~ (stealth).
  1113 | D:2      | 1113 ||| Stepping ~*~*~tactically~*~*~ (stealth).
  1114 | D:2      | 1114 ||| Stepping ~*~*~tactically~*~*~ (stealth).
  1121 | D:2      | Reached XP level 4. HP: 8/28 MP: 4/4
  1140 | D:2      | 1140 ||| Stepping ~*~*~tactically~*~*~ (stealth).
  1141 | D:2      | 1141 ||| Stepping ~*~*~tactically~*~*~ (stealth).
  1354 | D:2      | 1354 ||| DROPPING +0 club.
  1358 | D:2      | 1358 ||| DROPPING +0 whip.
  1372 | D:2      | Noticed Terence
  1377 | D:2      | Killed Terence
  1378 | D:2      | Reached skill level 4 in Axes
  1630 | D:2      | Noticed Robin
  1631 | D:2      | 1631 ||| Stepping ~*~*~tactically~*~*~ (hiding).
  1651 | D:2      | Killed Robin
  1657 | D:2      | Reached XP level 5. HP: 15/32 MP: 5/5
  2147 | D:2      | 2147 ||| UPGRADING to +2 ring mail of fire resistance.
  2157 | D:2      | 2157 ||| DROPPING +0 scale mail.
  2158 | D:2      | 2158 ||| UPGRADING to +0 helmet.
  2163 | D:2      | 2163 ||| DRINKING 2 cyan potions.
  2164 | D:2      | 2164 ||| READING 3 scrolls of identify.
  2164 | D:2      | 2164 ||| IDENTIFYING fizzy ruby potion
  2165 | D:2      | 2165 ||| READING 2 scrolls of identify.
  2165 | D:2      | 2165 ||| IDENTIFYING orange potion
  2166 | D:2      | 2166 ||| DROPPING potion of ambrosia.
  2353 | D:3      | Found a hide-covered altar of Uskayaw.
  2384 | D:3      | 2384 ||| Stepping ~*~*~tactically~*~*~ (stealth).
  2394 | D:3      | 2394 ||| Stepping ~*~*~tactically~*~*~ (stealth).
  2482 | D:3      | 2482 ||| Stepping ~*~*~tactically~*~*~ (stealth).
  2484 | D:3      | 2484 ||| Stepping ~*~*~tactically~*~*~ (stealth).
  2511 | D:3      | Noticed Sigmund
  2517 | D:3      | Reached skill level 5 in Axes
  2534 | D:3      | Killed Sigmund
  2535 | D:3      | Reached XP level 6. HP: 27/37 MP: 6/6
  2690 | D:3      | 2690 ||| Stepping ~*~*~tactically~*~*~ (stealth).
  2727 | D:3      | 2727 ||| Stepping ~*~*~tactically~*~*~ (stealth).
  2747 | D:3      | 2747 ||| Stepping ~*~*~tactically~*~*~ (hiding).
  2864 | D:3      | Found a blossoming altar of Fedhas.
  2982 | D:3      | 2982 ||| READING scroll labelled FABLUF DOWIKU.
  2983 | D:3      | 2983 ||| READING scroll labelled SAPAUGHAARI.
  2987 | D:3      | 2987 ||| READING scroll labelled NURGHO NUGEOF.
  2988 | D:3      | 2988 ||| DRINKING 2 murky coppery potions.
  3100 | D:4      | Found Dijor Tix's Self-Improvement Boutique.
  3130 | D:4      | Identified the +1 ring mail of Fedhas {Str+6 Dex+4}
  3214 | D:4      | 3214 ||| Stepping ~*~*~tactically~*~*~ (stealth).
  3248 | D:4      | 3248 ||| Stepping ~*~*~tactically~*~*~ (stealth).
  3404 | D:4      | 3404 ||| Stepping ~*~*~tactically~*~*~ (stealth).
  3586 | D:4      | 3586 ||| Stepping ~*~*~tactically~*~*~ (stealth).
  3587 | D:4      | 3587 ||| Stepping ~*~*~tactically~*~*~ (stealth).
  3590 | D:4      | 3590 ||| Stepping ~*~*~tactically~*~*~ (stealth).
  3593 | D:4      | 3593 ||| Stepping ~*~*~tactically~*~*~ (stealth).
  3842 | D:4      | Reached XP level 7. HP: 43/43 MP: 7/7
  4066 | D:4      | Noticed a moth of wrath
  4067 | D:4      | Noticed Natasha
  4068 | D:4      | Found a bloodstained altar of Trog.
  4074 | D:4      | Killed Natasha
  4164 | D:4      | 4164 ||| UPGRADING to +1 ring mail of Fedhas {Str+6 Dex+4}.
  4174 | D:4      | 4174 ||| DROPPING ring of magical power.
  4175 | D:4      | 4175 ||| READING scroll labelled COUZIE OCEATO.
  4176 | D:4      | 4176 ||| READING scroll labelled NODES IMIONOHI.
  4177 | D:4      | 4177 ||| DRINKING 2 bubbling clear potions.
  4178 | D:4      | 4178 ||| READING 2 scrolls of identify.
  4178 | D:4      | 4178 ||| IDENTIFYING purple potion
  4179 | D:4      | 4179 ||| DROPPING potion of degeneration.
  4231 | D:5      | Entered Level 5 of the Dungeon
  4232 | D:5      | 4232 ||| STAIRDANCE
  4474 | D:5      | HP: 8/43 [killer bee (6)]
  4474 | D:5      | HP: 1/43 [killer bee (7)]
  4475 | D:5      | 4475 ||| READING scroll of teleportation.
  4476 | D:5      | 4476 ||| DRINKING 2 potions of heal wounds.
  4478 | D:5      | Reached skill level 6 in Axes
  4666 | D:5      | Reached skill level 7 in Axes
  4666 | D:5      | Reached XP level 8. HP: 23/48 MP: 8/8
  5056 | D:5      | Found a stormy altar of Qazlal.
  5059 | D:5      | 5059 ||| Stepping ~*~*~tactically~*~*~ (stealth).
  5069 | D:5      | 5069 ||| Stepping ~*~*~tactically~*~*~ (stealth).
  5139 | D:5      | Found a glowing golden altar of the Shining One.
  5143 | D:5      | Found a basalt altar of Yredelemnul.
  5143 | D:5      | Found a radiant altar of Vehumet.
  5145 | D:5      | Found an ancient bone altar of Kikubaaqudgha.
  5146 | D:5      | Found a shimmering blue altar of Sif Muna.
  5374 | D:5      | 5374 ||| DROPPING +2 ring mail of fire resistance.
  5375 | D:5      | 5375 ||| UPGRADING to +0 plate armour.
  5385 | D:5      | 5385 ||| DROPPING +1 ring mail of Fedhas {Str+6 Dex+4}.
  5386 | D:5      | 5386 ||| READING scroll labelled DEDGHY BABURUTS.
  5413 | D:6      | Noticed a yak
  5418 | D:6      | 5418 ||| Stepping ~*~*~tactically~*~*~ (hiding).
  5419 | D:6      | 5419 ||| Stepping ~*~*~tactically~*~*~ (hiding).
  5419 | D:6      | Noticed a yak
  5420 | D:6      | 5420 ||| STAIRDANCE
  5430 | D:5      | Killed a yak
  5479 | D:5      | 5479 ||| READING scroll labelled RANACAMODU.
  5481 | D:6      | Noticed a yak
  5486 | D:6      | Noticed a yak
  5489 | D:6      | Noticed a yak
  5503 | D:6      | Killed a yak
  5504 | D:6      | Reached skill level 8 in Axes
  5510 | D:6      | HP: 8/49 [yak (9)]
  5511 | D:6      | 5511 ||| DRINKING 2 potions of heal wounds.
  5512 | D:6      | Killed a yak
  5513 | D:6      | Reached skill level 6 in Fighting
  5513 | D:6      | Reached XP level 9. HP: 38/55 MP: 9/9
  5521 | D:6      | HP: 13/55 [yak (12)]
  5522 | D:6      | 5522 ||| DRINKING potion of heal wounds.
  5865 | D:6      | Found a hazy altar of Hepliaklqana.
  5925 | D:6      | 5925 ||| Stepping ~*~*~tactically~*~*~ (stealth).
  5927 | D:6      | 5927 ||| Stepping ~*~*~tactically~*~*~ (stealth).
  5989 | D:6      | Reached skill level 9 in Axes
  6358 | D:6      | 6358 ||| Stepping ~*~*~tactically~*~*~ (hiding).
  6359 | D:6      | 6359 ||| Stepping ~*~*~tactically~*~*~ (hiding).
  6572 | D:6      | 6572 ||| UPGRADING to +0 cloak.
  6577 | D:6      | 6577 ||| READING scroll labelled ZILLUSS UFYL.
  6578 | D:6      | 6578 ||| READING 3 scrolls of identify.
  6578 | D:6      | 6578 ||| IDENTIFYING glowing grey potion
  6579 | D:6      | 6579 ||| DROPPING potion of flight.
  6631 | D:7      | Found a staircase to the Ecumenical Temple.
  6633 | D:7      | 6633 ||| PLANNING TEMPLE
  6638 | D:7      | 6638 ||| Stepping ~*~*~tactically~*~*~ (hiding).
  6651 | D:7      | Reached skill level 6 in Armour
  6701 | D:7      | 6701 ||| Stepping ~*~*~tactically~*~*~ (stealth).
  6713 | Temple   | Entered the Ecumenical Temple
  6713 | Temple   | Found a transporter.
  6713 | Temple   | Found a transporter.
  6715 | Temple   | Found a transporter.
  6715 | Temple   | Found a transporter.
  6725 | Temple   | 6725 ||| PLANNING D:1-11
  6960 | D:7      | Found a flagged portal.
  7093 | D:7      | 7093 ||| Stepping ~*~*~tactically~*~*~ (hiding).
  7094 | D:7      | 7094 ||| Stepping ~*~*~tactically~*~*~ (stealth).
  7104 | D:7      | Reached skill level 10 in Axes
  7109 | D:7      | 7109 ||| Stepping ~*~*~tactically~*~*~ (stealth).
  7118 | D:7      | Reached XP level 10. HP: 38/63 MP: 10/10
  7282 | D:7      | 7282 ||| Stepping ~*~*~tactically~*~*~ (hiding).
  7283 | D:7      | 7283 ||| Stepping ~*~*~tactically~*~*~ (hiding).
  7286 | D:7      | 7286 ||| Stepping ~*~*~tactically~*~*~ (stealth).
  7297 | D:7      | Noticed Prince Ribbit
  7322 | D:7      | Killed Prince Ribbit
  7328 | D:7      | 7328 ||| FLEEEEING.
  7441 | D:7      | 7441 ||| Stepping ~*~*~tactically~*~*~ (hiding).
  7592 | D:7      | 7592 ||| READING scroll of enchant armour.
  7592 | D:7      | 7592 ||| ENCHANTING +0 helmet.
  7628 | D:7      | 7628 ||| Stepping ~*~*~tactically~*~*~ (stealth).
  7641 | D:7      | HP: 16/64 [killer bee (3)]
  7642 | D:7      | 7642 ||| READING scroll of teleportation.
  7654 | D:7      | HP: 10/64 [kobold brigand/+0 short sword (4)]
  7958 | D:7      | Noticed a two-headed ogre
  7958 | D:7      | Noticed a two-headed ogre
  7980 | D:7      | HP: 13/64 [two-headed ogre/+0 dire flail (15)]
  7982 | D:7      | Killed a two-headed ogre
  7984 | D:7      | HP: 6/64 [two-headed ogre/+0 giant club (1)]
  7984 | D:7      | Slain by a two-headed ogre

Levels and vault maps discovered:
D:1:      minmay_arrival_split_and_join, layout_basic, serial_glass,
          glass_columns_b, glass_columns_c, glass_columns_c, glass_columns_a,
          glass_columns_a, glass_columns_b, hellmonk_ecumenical_altar_blasted,
          serial_shops, shop
D:2:      layout_loops_ring, dk_noncrumbling_2, uniq_terence, uniq_robin
D:3:      layout_basic, eat_drink_and_be_merry_uskayaw,
          mainiacjoe_overflow_brackets, minmay_cut_off, uniq_sigmund
D:4:      layout_loops_corners, tgw_trog, nicolae_shop_self_help, uniq_natasha
D:5:      layout_basic, grunt_temple_overflow_open, chequers_jeans,
          minmay_misc_feat_cross
D:6:      layout_loops_ring, nicolae_hepliaklqana_monster_ancestors
D:7:      minmay_bubble_buster, layout_cave_pools, minmay_temple_entry_junction,
          enter_bailey_5, hellmonk_guarded_unrand_gyre_and_gimble,
          uniq_prince_ribbit1
Temple:   hellmonk_temple_divided_pantheon

Skill      XL: |  1  2  3  4  5  6  7  8  9 10 |
---------------+-------------------------------+-----
Axes           | 2 3 4 5 7 8 10 | 10.5
Dodging        | 2 |  2.9
Fighting       | 4 6 7 8 |  8.0
Armour         | 4 6 7 |  7.4
Shields        | 4 5 |  5.1

Action                   |  1- 3 |  4- 6 |  7- 9 | 10-12 || total
-------------------------+-------+-------+-------+-------++-------
Melee: War axe           |    64 |   245 |   337 |   125 ||   771
  Use: Scroll            |     2 |     5 |     8 |     2 ||    17
       Potion            |     2 |     2 |     4 |       ||     8
Armor: Scale mail        |    33 |    36 |       |       ||    69
       Ring mail         |       |    89 |   109 |       ||   198
       Plate armour      |       |       |   205 |   107 ||   312
Dodge: Dodged            |    26 |   120 |   229 |    57 ||   432
Block: Buckler           |    10 |    35 |    94 |    34 ||   173

Table legend:
 A = Non-vault XP
 B = Vault XP
 C = Vault XP percentage of total XP
 D = Non-vault monster count
 E = Vault monster count
 F = Vault count percentage of total count
                 A         B        C        D         E       F
            +---------+---------+-------+---------+---------+-------
      Total |    4680 |    2625 |  35.9 |     162 |      39 |  19.4
            +---------+---------+-------+---------+---------+-------
        D:1 |      27 |       0 |   0.0 |      16 |       0 |   0.0
        D:2 |      83 |      65 |  43.9 |      17 |       9 |  34.6
        D:3 |      85 |     244 |  74.2 |      24 |       3 |  11.1
        D:4 |     252 |      44 |  14.9 |      29 |       6 |  17.1
        D:5 |    1154 |       0 |   0.0 |      21 |       0 |   0.0
        D:6 |    1553 |       3 |   0.2 |      19 |       2 |   9.5
        D:7 |    1526 |    2269 |  59.8 |      36 |      19 |  34.5
            +---------+---------+-------+---------+---------+-------
